 Dungeon Crawl Stone Soup version 0.30-a0-591-g3c58d2bc28 (webtiles) character file.

Game seed: 6780646436398083781

171 CoinPitGoblin the Shooter (level 5, -16/32 HPs)
             Began as a Gargoyle Hunter on Jan 6, 2023.
             Killed by an exploding gnoll bouda (32 damage)
             ... ignited by their inner flame
             ... on level 6 of the Dungeon.
             The game lasted 00:03:04 (2238 turns).

CoinPitGoblin the Shooter (Gargoyle Hunter)         Turns: 2238, Time: 00:03:05

Health: -16/32     AC:  8    Str: 15    XL:     5   Next: 51%
Magic:  5/5        EV: 12    Int:  9    God:
Gold:   110        SH:  0    Dex: 15    Spells: 4/4 levels left

rFire   . . .      SeeInvis .    a - +0 shortbow
rCold   . . .      Faith    .    (shield currently unavailable)
rNeg    + . .      Spirit   .    c - +0 leather armour
rPois   ∞          Reflect  .    (no helmet)
rElec   +          Harm     .    h - scarf {repulsion}
rCorr   .          Rampage  .    e - +0 pair of gloves
Will    .....                    (no boots)
Stlth   ++                       (no amulet)
HPRegen 0.25/turn                (no ring)
MPRegen 0.09/turn                (no ring)

@: weakened, repel missiles
A: sickness immunity, AC +4, negative energy resistance 1, electricity
resistance, torment resistance 1, petrification resistance
a: no special abilities


You were on level 6 of the Dungeon.
You visited 1 branch of the dungeon, and saw 5 of its levels.

You collected 110 gold pieces.

Inventory:

Hand Weapons
 a - a +0 shortbow (weapon)
 b - a +0 dagger of freezing
Armour
 c - a +0 leather armour (worn)
 e - a +0 pair of gloves (worn)
 h - a scarf of repulsion (worn)
 n - a scarf of resistance
Jewellery
 d - a +6 ring of dexterity
Wands
 p - a wand of flame (22)
Scrolls
 l - a scroll of magic mapping {unknown}
 m - 2 scrolls of identify {unknown}
 o - a scroll of enchant armour {unknown}
Potions
 f - a potion of attraction {unknown}
 i - a potion of heal wounds {unknown}


   Skills:
 + Level 3.1 Fighting
 + Level 5.8 Ranged Weapons
 + Level 1.9 Armour
 + Level 1.7 Dodging
 - Level 1.1 Stealth


You had 4 spell levels left.
You didn't know any spells.
Your spell library contained the following spells:

 Spells                   Type           Power      Damage    Failure   Level
 Kiss of Death            Conj/Necr      0%         2d5       45%         1
 Blink                    Tloc           0%         N/A       58%         2
 Momentum Strike          Conj/Tloc      0%         3d8       58%         2
 Confusing Touch          Hex            0%         N/A       83%         3
 Lesser Beckoning         Tloc           0%         N/A       83%         3
 Dispel Undead            Necr           0%         3d6       99%         4


Dungeon Overview and Level Annotations

Branches:
Dungeon (6/15)
 Temple: D:4-7

Altars:

Portals:
Ossuary: D:6

Annotations:
D:5 Prince Ribbit


Innate Abilities, Weirdness & Mutations

You are immune to sickness and miasma.
Your stone body is resilient. (AC +4)
You are immune to poison.
You resist negative energy. (rN+)
You are resistant to electric shocks. (rElec)
You are resistant to unholy torment.
You are immune to petrification.


Message History

Unknown command.
Fire: a) +0 shortbow
Press: ? - help, Shift-Dir - straight line, f/p - gnoll
Aim: a gnoll, wielding a +0 halberd, wearing a +0 plate armour and carrying a wand of digging (4) (inner flame, 76% to hit)
You shoot an arrow. The arrow barely misses the gnoll.
The gnoll hits you from afar with a +0 halberd.
* * * LOW HITPOINT WARNING * * *
The gnoll bouda misses you.
Unknown command.
Unknown command.
Fire: a) +0 shortbow
Press: ? - help, Shift-Dir - straight line, f/p - gnoll
Aim: a gnoll, wielding a +0 halberd, wearing a +0 plate armour and carrying a wand of digging (4) (inner flame, 76% to hit)
You shoot an arrow. The arrow hits the gnoll!
Flame seeps out of the gnoll.
The gnoll is severely wounded.
The gnoll is engulfed in blazing flames.
The gnoll explodes!
The gnoll bouda misses you.
Unknown command.
Unknown command.
You feel better.
The gnoll bouda gazes fiercely through you!
You feel your attacks grow feeble. The gnoll bouda barely misses you.
Fire: a) +0 shortbow
Press: ? - help, Shift-Dir - straight line, f - gnoll bouda
Aim: a gnoll bouda, wielding a +0 club and wearing a +0 robe (inner flame, 65% to hit)
You shoot an arrow. The arrow hits the gnoll bouda!
Flame seeps out of the gnoll bouda.
The gnoll bouda is moderately wounded.
The gnoll bouda is engulfed in blazing flames.
Flame seeps out of the gnoll bouda.
The gnoll bouda gazes fiercely through you!
You feel as though you will be weak longer.
The gnoll bouda closely misses you.
The gnoll bouda is engulfed in blazing flames.
The gnoll bouda explodes!
The fiery explosion engulfs you!!
Ouch! That really hurt!
You die...

........+ .......
......# .....
.... #'. ##.#
#§@# #°#○##
##.#§#§§§########
.................
#........#######
...####.### ##
#.# #.# # #.#


There were no monsters in sight!

Vanquished Creatures
  A sky beast (D:6)
  A gnoll bouda (D:6)
  A gnoll (D:6)
  2 adders (D:2)
  A white imp (D:6)
  A worm (D:2)
  A dart slug (D:2)
  5 ball pythons
  2 endoplasms (D:1)
  A giant cockroach (D:2)
  A hobgoblin (D:1)
  4 jackals (D:1)
  5 kobolds
  6 bats
  3 frilled lizards
  2 goblins (D:2)
  A rat (D:1)
38 creatures vanquished.

Notes
Turn   | Place    | Note
-------+----------+-------------------------------------------
     0 | D:1      | CoinPitGoblin the Gargoyle Hunter began the quest for the
                  | Orb.
     0 | D:1      | Reached XP level 1. HP: 12/12 MP: 1/1
   120 | D:1      | Reached XP level 2. HP: 15/18 MP: 2/2
   844 | D:2      | Reached XP level 3. HP: 22/22 MP: 3/3
  1315 | D:2      | Reached skill level 5 in Ranged Weapons
  1329 | D:2      | Reached skill level 1 in Armour
  1367 | D:2      | Reached XP level 4. HP: 27/27 MP: 4/4
  1883 | D:3      | You fall into a shaft and drop 3 floors!
  2060 | D:5      | Entered Level 5 of the Dungeon
  2073 | D:5      | Noticed Prince Ribbit
  2161 | D:6      | Found a sand-covered staircase.
  2199 | D:6      | Noticed a sky beast
  2219 | D:6      | Killed a sky beast
  2220 | D:6      | Reached XP level 5. HP: 17/32 MP: 5/5
  2238 | D:6      | Killed by an exploding gnoll bouda... ignited by their
                  | inner flame

Illustrated notes

Levels and vault maps discovered:
D:1:      elethiomel_arrival_maze, layout_basic
D:2:      layout_basic
D:3:      layout_rooms, marbit_many_paths, serial_shops, shop, serial_rivers,
          chequers_serial_rivers_small_3, chequers_serial_rivers_large_b,
          chequers_serial_rivers_small_3, chequers_serial_rivers_micro_c,
          chequers_serial_rivers_room_b, chequers_serial_rivers_marsh
D:5:      layout_basic, uniq_prince_ribbit1, uniq_sigmund
D:6:      layout_loops_corners, nicolae_ossuary_entry_false_entrances,
          gammafunk_ghost_necromancy, minmay_between

Skill      XL: |  1  2  3  4 |
---------------+-------------+-----
Ranged Weapons | 5 |  5.8
Armour         | 1 |  1.9
Fighting       | 3 |  3.1
Dodging        | |  1.7
Stealth        | |  1.1

Action                   |  1- 3 |  4- 6 || total
-------------------------+-------+-------++-------
 Fire: Shortbow          |    98 |    41 ||   139
  Use: Scroll            |     3 |     2 ||     5
       Potion            |       |     2 ||     2
Armor: Leather armour    |    27 |    10 ||    37
Dodge: Dodged            |    40 |    19 ||    59

Table legend: (Time is in decaauts)
 A = Elapsed time spent in this place.
 B = Non-inter-level travel time spent in this place.
 C = Inter-level travel time spent in this place.
 D = Time resting spent in this place.
 E = Time spent auto-exploring this place.
 F = Levels seen in this place.
 G = Mean time per level.
                   A        B        C        D        E       F      G
               +--------+--------+--------+--------+--------+-----+--------+
         Total |   2279 |   2035 |    244 |      0 |   1748 |   5 |  455.8 |
       Dungeon |   2279 |   2035 |    244 |      0 |   1748 |   5 |  455.8 |
               +--------+--------+--------+--------+--------+-----+--------+

Top non-repeatable levels by time:
     D:2: 1069 daAuts
     D:1: 842 daAuts
     D:6: 344 daAuts
     D:5: 21 daAuts
     D:3: 1 daAuts
